 Dungeon Crawl Stone Soup version 0.18.1-48-g4cf74bf (webtiles) character file.

58 Neosonic97 the Skirmisher (level 3, -2/33 HPs)
             Began as a Draconian Transmuter on Sept 8, 2016.
             Slain by a water moccasin (8 damage)
             ... on level 3 of the Dungeon.
             The game lasted 00:04:54 (1507 turns).

Neosonic97 the Skirmisher (Draconian Transmuter)    Turns: 1507, Time: 00:04:55

Health: -2/33      AC:  5    Str: 13    XL:     3   Next: 75%
Magic:  6/6        EV: 12    Int: 13    God:
Gold:   31         SH:  0    Dex: 11    Spells: 1 memorised, 5 levels left

rFire  . . .     SeeInvis .       - Unarmed
rCold  . . .     Gourm    .     (armour unavailable)
rNeg   . . .     Faith    .     (no shield)
rPois  .         Spirit   .     (helmet restricted)
rElec  .         Dismiss  .     (no cloak)
rCorr  .         Reflect  .     (no gloves)
SustAt .         Harm     .     (boots currently unavailable)
MR     .....                    (no amulet)
Stlth  +.........               (no ring)
                                (no ring)

@: lethally poisoned (-2 -> -8), appendage (expiring), not resistant to hostile
enchantments, very unstealthy
A: unfitting armour, talons 3, cold-blooded, AC +5
a: End Transformation


You were on level 3 of the Dungeon.
You were not hungry.
You had grown temporary talons.
You visited 1 branch of the dungeon, and saw 3 of its levels.

You collected 31 gold pieces.

Inventory:

Missiles
 a - 25 arrows
Potions
 e - 2 potions of brilliance
 g - a potion of heal wounds {unknown}
 h - a potion of agility {unknown}
 i - a potion of ambrosia {unknown}
 j - a potion of curing {unknown}
Books
 b - a book of Changes

   Spells                             Type                      Level
   a - Beastly Appendage              Transmutation                1
   b - Sticks to Snakes               Transmutation                2
   c - Spider Form                    Transmutation/Poison         3
   d - Ice Form                       Ice/Transmutation            4
   e - Blade Hands                    Transmutation                5
Comestibles
 c - a bread ration
 d - 4 chunks of flesh
 f - 2 meat rations


   Skills:
 * Level 4.1 Fighting
 - Level 1.7 Dodging
 - Level 3.0 Unarmed Combat
 - Level 2.0 Spellcasting
 - Level 2.0 Transmutations


You had 5 spell levels left.
You knew the following spells:

 Your Spells              Type           Power        Failure   Level  Hunger
a - Beastly Appendage     Trmt           #.....       12%         1    ##.....


Dungeon Overview and Level Annotations

Branches:
Dungeon (3/15)

Altars:


Innate Abilities, Weirdness & Mutations

Your plain brown scales are hard (AC +5).
Your body does not fit into most forms of armour.
You are cold-blooded and may be slowed by cold attacks.
You have claws for feet.


Message History

The water moccasin bites you but does no damage.
You miss the water moccasin. Your kick misses the water moccasin.
You punch the water moccasin.
The water moccasin is lightly wounded.
You feel sick.
The water moccasin bites you but does no damage.
You closely miss the water moccasin.
The water moccasin is lightly wounded.
The water moccasin closely misses you.
You hit the water moccasin. You claw the water moccasin.
Your tail-slap misses the water moccasin.
The water moccasin is moderately wounded.
You feel sick. The water moccasin bites you!
* * * LOW HITPOINT WARNING * * *
The water moccasin bites you but does no damage.
You closely miss the water moccasin.
The water moccasin is moderately wounded.
* * * LOW HITPOINT WARNING * * *
You feel sick. The water moccasin bites you!
You die...

+........+
#........#####..
#............#..
#................
#................
#...............
#.............#
#......S......#
#......@......#
#.............#
#########.....#
#.....# #†#####
## #.# <# #.# .#
#.# .# #.#


You could see a water moccasin.

Vanquished Creatures
  3 worms
  4 dart slugs
  9 bats
  A giant cockroach (D:2)
  4 goblins
  6 hobgoblins
  6 kobolds
  A ball python (D:2)
  5 rats
  A plant (D:1)
40 creatures vanquished.

Notes
Turn   | Place    | Note
--------------------------------------------------------------
     0 | D:1      | Neosonic97 the Draconian Transmuter began the quest for the Orb.
     0 | D:1      | Reached XP level 1. HP: 16/16 MP: 3/3
   145 | D:1      | Reached skill level 2 in Fighting
   152 | D:1      | Reached XP level 2. HP: 23/24 MP: 3/5
   507 | D:1      | Reached skill level 3 in Fighting
   694 | D:1      | Reached XP level 3. HP: 22/31 MP: 6/6
  1427 | D:2      | Reached skill level 4 in Fighting
  1494 | D:3      | Noticed a water moccasin
  1507 | D:3      | Slain by a water moccasin

Skill      XL: |  1  2  3 |
---------------+----------+-----
Fighting       | 2 3 4 |  4.1
Dodging        | |  1.7
Unarmed Combat | |  3.0
Spellcasting   | |  2.0
Transmutations | |  2.0

Action                   || total
-------------------------++-------
Melee: Unarmed           ||   171
       Kick              ||    11
       Tailslap          ||    15
       Headbutt          ||     7
       Punch             ||     1
 Cast: Beastly Appendage ||    29
  Use: Scroll            ||     3
       Potion            ||     1
 Stab: Sleeping          ||     1
  Eat: Chunk             ||     3
Armor: Skin              ||    62
Dodge: Dodged            ||   135
